PCL
REDWOOD CITY REDWOODS @ VANCOUVER VIPERS
06/20/2026
 
TOP OF THE 1ST
Redwood City Redwoods batting - Pitching for Vancouver Vipers : LHP Greg Taylor
Pitching: LHP Greg Taylor
Batting: RHB Anastasio García 0-0: Ball
1-0: Foul Ball, location: 2F
1-1: Foul Ball, location: 2F
1-2: Strikes out swinging
Batting: LHB Nicholas Alston 0-0: Ground out 1-3 (Groundball, 15)
Batting: LHB Germán Charfauros 0-0: Ball
1-0: Swinging Strike
1-1: Foul Ball, location: 2F
1-2: Ball
2-2: Foul Ball, location: 2F
2-2: Ball
3-2: Fly out, F7 (Popup, 7LS)
Top of the 1st over - 0 run(s), 0 hit(s), 0 error(s), 0 left on base; Redwood City 0 - Vancouver 0
BOTTOM OF THE 1ST
Vancouver Vipers batting - Pitching for Redwood City Redwoods : RHP Manny Maldonado
Pitching: RHP Manny Maldonado
Batting: RHB Max Rash 0-0: Called Strike
0-1: Ball
1-1: Foul Ball, location: 2F
1-2: Ball
2-2: Ball
3-2: Ground out 3-1 (Groundball, 34S)
Batting: RHB Salvador Medine 0-0: Called Strike
0-1: Ball
1-1: Foul Ball, location: 2F
1-2: Ball
2-2: Foul Ball, location: 2F
2-2: Ball
3-2: Fly out, F9 (Flyball, 89M)
Batting: RHB Sergio Pujols 0-0: SINGLE (Line Drive, 6M)
Batting: RHB Lorenzo González 0-0: Called Strike
0-1: Called Strike
0-2: Fly out, F6 (Popup, 6D)
Bottom of the 1st over - 0 run(s), 1 hit(s), 0 error(s), 1 left on base; Redwood City 0 - Vancouver 0
TOP OF THE 2ND
Redwood City Redwoods batting - Pitching for Vancouver Vipers : LHP Greg Taylor
Batting: RHB Rafael Rincón 0-0: Ball
1-0: Ball
2-0: Ball
3-0: Base on Balls
Batting: SHB Luis González 0-0: Called Strike
0-1: Ball
1-1: Ball
2-1: Foul Ball, location: 2F
2-2: Grounds into double play, 6-4-3 (Groundball, 6)
Batting: RHB Carlos Gonzáles 0-0: Fly out, F8 (Flyball, 8LM)
Top of the 2nd over - 0 run(s), 0 hit(s), 0 error(s), 0 left on base; Redwood City 0 - Vancouver 0
BOTTOM OF THE 2ND
Vancouver Vipers batting - Pitching for Redwood City Redwoods : RHP Manny Maldonado
Batting: LHB Malcolm Thomas 0-0: Ball
1-0: Called Strike
1-1: Fly out, F2 (Popup, 2LF)
Batting: RHB Marvin Workman 0-0: DOUBLE (Line Drive, 8RM)
Batting: RHB Steve Bender 0-0: Ball
1-0: Swinging Strike
1-1: Ground out 5-3 (Groundball, 56)
Batting: RHB Bill Little 0-0: Swinging Strike
0-1: Fly out, F6 (Popup, 6M)
Bottom of the 2nd over - 0 run(s), 1 hit(s), 0 error(s), 1 left on base; Redwood City 0 - Vancouver 0
TOP OF THE 3RD
Redwood City Redwoods batting - Pitching for Vancouver Vipers : LHP Greg Taylor
Batting: LHB Héctor Flores 0-0: Ground out 3-1 (Groundball, 3)
Batting: RHB William Parker 0-0: Fly out, F8 (Flyball, 8LXD)
Now in CF: Oscar Rudd
Batting: LHB Ron McCoy 0-0: Called Strike
0-1: Foul Ball, location: 2F
0-2: Ball
1-2: Ball
2-2: Strikes out swinging
Top of the 3rd over - 0 run(s), 0 hit(s), 0 error(s), 0 left on base; Redwood City 0 - Vancouver 0
BOTTOM OF THE 3RD
Vancouver Vipers batting - Pitching for Redwood City Redwoods : RHP Manny Maldonado
Batting: RHB Oscar Rudd 0-0: Ball
1-0: Ball
2-0: Fly out, F4 (Popup, 4MD)
Batting: RHB Max Rash 0-0: Ball
1-0: Ball
2-0: Called Strike
2-1: Foul Ball, location: 2F
2-2: SOLO HOME RUN (Flyball, 7D), Distance : 373 ft
Batting: RHB Salvador Medine 0-0: Ball
1-0: SINGLE (Groundball, 56D)
Batting: RHB Sergio Pujols 0-0: Ball
1-0: Ball
2-0: Called Strike
2-1: Ball
3-1: SINGLE (Groundball, 15) (infield hit)
Salvador Medine to second
Batting: RHB Lorenzo González 0-0: Ball
1-0: Foul Ball, location: 2F
1-1: Ball
Wild Pitch!
Salvador Medine to third
Sergio Pujols to second
2-1: Ball
3-1: Fly out, F9 (Flyball, 89S)
Batting: LHB Malcolm Thomas 0-0: Swinging Strike
0-1: Ball
1-1: Ball
2-1: Foul Ball, location: 2F
2-2: Strikes out swinging
Bottom of the 3rd over - 1 run(s), 3 hit(s), 0 error(s), 2 left on base; Redwood City 0 - Vancouver 1
TOP OF THE 4TH
Redwood City Redwoods batting - Pitching for Vancouver Vipers : LHP Greg Taylor
Batting: RHB Anastasio García 0-0: Ball
1-0: Ball
2-0: SINGLE (Line Drive, 7LS)
Batting: LHB Nicholas Alston 0-0: Ball
1-0: SINGLE (Line Drive, 9S)
Anastasio García to second
Runner from 2nd tries for 3rd, SAFE, throw made to third
Nicholas Alston to second
Batting: LHB Germán Charfauros 0-0: Called Strike
0-1: Ball
1-1: Called Strike
1-2: Strikes out swinging
Batting: RHB Rafael Rincón 0-0: Called Strike
0-1: Foul Ball, location: 2F
0-2: Ball
1-2: Strikes out swinging
Batting: SHB Luis González 0-0: Called Strike
0-1: Ball
1-1: Swinging Strike
1-2: Foul Ball, location: 2F
1-2: Ball
2-2: Strikes out swinging
Top of the 4th over - 0 run(s), 2 hit(s), 0 error(s), 2 left on base; Redwood City 0 - Vancouver 1
BOTTOM OF THE 4TH
Vancouver Vipers batting - Pitching for Redwood City Redwoods : RHP Manny Maldonado
Batting: RHB Marvin Workman 0-0: Foul Ball, location: 2F
0-1: Called Strike
0-2: Foul Ball, location: 2F
0-2: Foul Ball, location: 2F
0-2: Foul Ball, location: 2F
0-2: Ground out 6-3 (Groundball, 56)
Batting: RHB Steve Bender 0-0: Ball
1-0: Called Strike
1-1: Called Strike
1-2: Ball
2-2: SINGLE (Line Drive, 56D)
Batting: RHB Bill Little 0-0: Ball
1-0: Ball
2-0: Fly out, F4 (Line Drive, 4M)
Batting: RHB Oscar Rudd 0-0: Ball
1-0: Ball
2-0: Foul Ball, location: 2F
2-1: Called Strike
2-2: Ground out 5-3 (Groundball, 5)
Bottom of the 4th over - 0 run(s), 1 hit(s), 0 error(s), 1 left on base; Redwood City 0 - Vancouver 1
TOP OF THE 5TH
Redwood City Redwoods batting - Pitching for Vancouver Vipers : LHP Greg Taylor
Batting: RHB Carlos Gonzáles 0-0: Ball
1-0: Ball
2-0: Ball
3-0: Called Strike
3-1: Called Strike
3-2: Fly out, F9 (Flyball, 9M)
Batting: LHB Héctor Flores 0-0: Foul Ball, location: 2F
0-1: SINGLE (Groundball, 34D)
Batting: RHB William Parker 0-0: Ball
1-0: Called Strike
1-1: Ball
2-1: 2-RUN HOME RUN (Flyball, 7D), Distance : 392 ft
Batting: LHB Ron McCoy 0-0: SINGLE (Line Drive, 9S)
Batting: RHB Anastasio García 0-0: Ball
1-0: Grounds into double play, 5-4-3 (Groundball, 56)
Top of the 5th over - 2 run(s), 3 hit(s), 0 error(s), 0 left on base; Redwood City 2 - Vancouver 1
BOTTOM OF THE 5TH
Vancouver Vipers batting - Pitching for Redwood City Redwoods : RHP Manny Maldonado
Batting: RHB Max Rash 0-0: Ball
1-0: Ground out 6-3 (Groundball, 6)
Batting: RHB Salvador Medine 0-0: Called Strike
0-1: Called Strike
0-2: Ground out U3 (Groundball, 3S)
Batting: RHB Sergio Pujols 0-0: Called Strike
0-1: Foul Ball, location: 2F
0-2: Ball
1-2: Ball
2-2: Ball
3-2: SINGLE (Groundball, 56D)
Batting: RHB Lorenzo González 0-0: Ball
1-0: Swinging Strike
1-1: Ball
Wild Pitch!
Sergio Pujols to second
2-1: Ball
3-1: Foul Ball, location: 2F
3-2: Foul Ball, location: 2F
3-2: Foul Ball, location: 2F
3-2: Foul Ball, location: 2F
3-2: Foul Ball, location: 2F
3-2: Foul Ball, location: 2F
3-2: DOUBLE (Flyball, 89XD)
Sergio Pujols scores
Batting: LHB Malcolm Thomas 0-0: Ball
1-0: Ground out U3 (Groundball, 3)
Bottom of the 5th over - 1 run(s), 2 hit(s), 0 error(s), 1 left on base; Redwood City 2 - Vancouver 2
TOP OF THE 6TH
Redwood City Redwoods batting - Pitching for Vancouver Vipers : LHP Greg Taylor
Batting: LHB Nicholas Alston 0-0: Ball
1-0: Ball
2-0: Ball
3-0: Called Strike
3-1: Foul Ball, location: 2F
3-2: Strikes out looking
Batting: LHB Germán Charfauros 0-0: Called Strike
0-1: Swinging Strike
0-2: Foul Ball, location: 2F
0-2: Ball
1-2: Ball
2-2: Strikes out looking
Batting: RHB Rafael Rincón 0-0: DOUBLE (Line Drive, 8LXD)
Batting: SHB Luis González 0-0: Foul Ball, location: 2F
0-1: Ball
1-1: Called Strike
1-2: Ball
2-2: Ball
3-2: Foul Ball, location: 2F
3-2: Strikes out swinging
Top of the 6th over - 0 run(s), 1 hit(s), 0 error(s), 1 left on base; Redwood City 2 - Vancouver 2
BOTTOM OF THE 6TH
Vancouver Vipers batting - Pitching for Redwood City Redwoods : RHP Manny Maldonado
Batting: RHB Marvin Workman 0-0: Ball
1-0: Foul Ball, location: 2F
1-1: Swinging Strike
1-2: Foul Ball, location: 2F
1-2: Ball
2-2: Strikes out swinging
Pitching: RHP William Simpson
Batting: RHB Steve Bender 0-0: SINGLE (Line Drive, 8RS)
Batting: RHB Bill Little 0-0: Called Strike
0-1: Ball
1-1: Foul Ball, location: 2F
1-2: Grounds into double play, 1-6-3 (Groundball, 15)
Bottom of the 6th over - 0 run(s), 1 hit(s), 0 error(s), 0 left on base; Redwood City 2 - Vancouver 2
TOP OF THE 7TH
Redwood City Redwoods batting - Pitching for Vancouver Vipers : LHP Greg Taylor
Pitching: RHP Jeffrey Campbell
Pinch Hitting: RHB Tom Meyer 0-0: Called Strike
0-1: Fly out, F9 (Flyball, 9M)
Batting: LHB Héctor Flores 0-0: Ball
1-0: Swinging Strike
1-1: Ball
2-1: Ball
3-1: Ground out 3-1 (Groundball, 3L)
Pitching: RHP Vincent Cox
Pinch Hitting: LHB Ryan Hensley 0-0: Foul Ball, location: 2F
0-1: DOUBLE (Line Drive, 9LS)
Pinch Hitting: LHB Patrick Bright 0-0: Swinging Strike
0-1: Ball
1-1: Ball
2-1: SINGLE (Flyball, 4MD)
Ryan Hensley to third
Runner from 3rd tries for Home, SAFE, no throw or cutoff
Batting: RHB Anastasio García 0-0: Swinging Strike
0-1: Foul Ball, location: 2F
0-2: Ball
1-2: Foul Ball, location: 2F
1-2: Ball
2-2: Ball
3-2: Foul Ball, location: 2F
3-2: Foul Ball, location: 2F
3-2: Foul Ball, location: 2F
3-2: Foul Ball, location: 2F
3-2: Foul Ball, location: 2F
3-2: SINGLE (Flyball, 9LS)
Patrick Bright to second
Patrick Bright to third
Batting: LHB Nicholas Alston 0-0: Ball
1-0: Called Strike
1-1: Swinging Strike
1-2: Foul Ball, location: 2F
1-2: Ball
2-2: Foul Ball, location: 2F
2-2: Foul Ball, location: 2F
2-2: Strikes out swinging
Top of the 7th over - 1 run(s), 3 hit(s), 0 error(s), 2 left on base; Redwood City 3 - Vancouver 2
BOTTOM OF THE 7TH
Vancouver Vipers batting - Pitching for Redwood City Redwoods : RHP William Simpson
Now at 1B: Ryan Hensley
Now at 2B: Tom Meyer
Now in RF: Patrick Bright
Batting: RHB Oscar Rudd 0-0: Ball
1-0: DOUBLE (Line Drive, 7LM)
Batting: RHB Max Rash 0-0: Ball
1-0: Swinging Strike
1-1: Ball
2-1: Ball
3-1: Base on Balls
Pinch Hitting: LHB Mike Williams 0-0: Bunted foul
0-1: Bunted foul
0-2: Ball
1-2: Ball
2-2: Foul Ball, location: 2F
2-2: Ball
3-2: Fly out, F7 (Flyball, 7S)
Batting: RHB Sergio Pujols 0-0: Called Strike
0-1: Ball
1-1: Called Strike
1-2: Strikes out swinging
Batting: RHB Lorenzo González 0-0: Ball
1-0: Called Strike
1-1: Ball
2-1: Ball
3-1: Base on Balls
Oscar Rudd to third
Max Rash to second
Batting: LHB Malcolm Thomas 0-0: Called Strike
0-1: Called Strike
0-2: Ball
1-2: Strikes out swinging
Bottom of the 7th over - 0 run(s), 1 hit(s), 0 error(s), 3 left on base; Redwood City 3 - Vancouver 2
TOP OF THE 8TH
Redwood City Redwoods batting - Pitching for Vancouver Vipers : RHP Vincent Cox
Now at SS: Dave Gray
Batting: LHB Germán Charfauros 0-0: Ground out U3 (Groundball, 3S)
Batting: RHB Rafael Rincón 0-0: Fly out, F9 (Line Drive, 9LD)
Batting: SHB Luis González 0-0: Swinging Strike
0-1: Ball
1-1: Ball
2-1: Foul Ball, location: 2F
2-2: Strikes out swinging
Top of the 8th over - 0 run(s), 0 hit(s), 0 error(s), 0 left on base; Redwood City 3 - Vancouver 2
BOTTOM OF THE 8TH
Vancouver Vipers batting - Pitching for Redwood City Redwoods : RHP William Simpson
Pitching: LHP George Owens
Batting: RHB Marvin Workman 0-0: Ground out 5-3 (Groundball, 5S)
Batting: RHB Steve Bender 0-0: SINGLE (Groundball, 6MD)
Batting: RHB Bill Little 0-0: Foul Ball, location: 2F
0-1: Fly out, F1 (Line Drive, 15)
Batting: RHB Oscar Rudd Balk!
Steve Bender to second
0-0: Called Strike
0-1: Ball
1-1: Ground out 4-3 (Groundball, 4)
Bottom of the 8th over - 0 run(s), 1 hit(s), 0 error(s), 1 left on base; Redwood City 3 - Vancouver 2
TOP OF THE 9TH
Redwood City Redwoods batting - Pitching for Vancouver Vipers : RHP Vincent Cox
Batting: RHB Tom Meyer 0-0: Foul Ball, location: 2F
0-1: Called Strike
0-2: Ball
1-2: Ball
2-2: Strikes out looking
Batting: LHB Héctor Flores 0-0: Ball
1-0: Called Strike
1-1: Swinging Strike
1-2: Strikes out swinging
Batting: LHB Ryan Hensley 0-0: Ball
1-0: Swinging Strike
1-1: Ball
2-1: Foul Ball, location: 2F
2-2: Ground out 1-3 (Groundball, 3S)
Top of the 9th over - 0 run(s), 0 hit(s), 0 error(s), 0 left on base; Redwood City 3 - Vancouver 2
BOTTOM OF THE 9TH
Vancouver Vipers batting - Pitching for Redwood City Redwoods : LHP George Owens
Pitching: RHP Joe Watts
Now at 2B: Juan Hernández
Batting: RHB Max Rash 0-0: Fly out, F9 (Flyball, 89D)
Batting: LHB Dave Gray 0-0: Ball
1-0: Ball
2-0: Called Strike
2-1: Ground out 4-3 (Groundball, 4)
Batting: RHB Sergio Pujols 0-0: Fly out, F9 (Flyball, 89D)
Bottom of the 9th over - 0 run(s), 0 hit(s), 0 error(s), 0 left on base; Redwood City 3 - Vancouver 2
Monday, December 5th, 2016 - OOTP Baseball 17.12 Build 75